 Dungeon Crawl Stone Soup version 0.17-a0-2109-g117576f (webtiles) character file.

658390 glosham the Executioner (level 27, -12/252 HPs)
             Began as a Deep Dwarf Monk on Oct 13, 2015.
             Was the Champion of Makhleb.
             Mangled by an Orb Guardian (29 damage)
             ... on level 5 of the Realm of Zot on Oct 19, 2015.
             The game lasted 23:30:23 (48916 turns).

glosham the Executioner (Deep Dwarf Monk)          Turns: 48916, Time: 23:30:24

Health: -12/252    AC: 18    Str: 24    XL:     27
Magic:  5/33       EV: 42    Int: 24    God:    Makhleb [******]
Gold:   1591       SH:  0    Dex: 20    Spells: 13 memorised, 2 levels left

rFire  + + +     SeeInvis +     a - +9 battleaxe (freeze)
rCold  + . .     Clarity  +     X - +2 robe {rC+ rF+}
rNeg   + + .     SustAt   .     (no shield)
rPois  .         Gourm    .     U - +2 helmet {SInv}
rElec  +         Spirit   .     Y - +2 cloak {+Inv}
rCorr  .         Warding  .     V - +2 pair of gloves {Str+3}
rMut   .         Stasis   .     W - +2 pair of boots {run}
MR     +++++                    z - amulet of the Four Winds {Clar rN+ MR+++}
Stlth  +.........               F - ring "Daqo" {Fire +Fly Int+3}
                                A - ring of the Jester {rElec rF+ rC+ Int+3}

@: agile, lethally poisoned (-12 -> -18), about to teleport, phasing,
contaminated, non-regenerating, hasted, glowing, deflect missiles, very quick,
almost entirely resistant to hostile enchantments, very unstealthy
A: damage resistance, recharge devices, low mp 1, negative energy resistance 1,
sense surroundings 3, slow regeneration 3
a: Device Recharging, Minor Destruction, Lesser Servant of Makhleb, Major
Destruction, Greater Servant of Makhleb, Renounce Religion, Evoke Invisibility,
Evoke Flight
0: Orb of Zot
}: 3/15 runes: decaying, serpentine, silver


You were on level 5 of the Realm of Zot.
You worshipped Makhleb.
Makhleb was exalted by your worship.
You were very full.

You visited 10 branches of the dungeon, and saw 54 of its levels.
You visited the Abyss 1 time.
You visited 1 ziggurat, and saw 10 of its levels.
You also visited: Labyrinth, Trove, Sewer and Ice Cave.

You collected 9549 gold pieces.
You spent 7958 gold pieces at shops.

Inventory:

Hand Weapons
 a - a +9 battleaxe of freezing (weapon)
 b - the +8 rapier "Raymoo" {pain, rPois Str+2 Dex+3}
   (You found it on level 1 of the Vaults)

   In the hands of one skilled in necromantic magic, it inflicts extra damage on
   living creatures.
   It affects your strength (+2).
   It affects your dexterity (+3).
   It protects you from poison.
 R - a +8 executioner's axe of freezing
Armour
 U - a +2 helmet of see invisible (worn)
 V - a +2 pair of gloves of strength (worn)
 W - a +2 pair of boots of running (worn)
 X - a +2 robe of resistance (worn)
 Y - a +2 cloak of invisibility (worn)
 Z - the +9 armour of the Dragon King {rPois rF+ rC+ MR+}
   (You found it on level 8 of a ziggurat)

   It protects you from fire.
   It protects you from cold.
   It protects you from poison.
   It affects your resistance to hostile enchantments.
Rods
 d - a +8 rod of the swarm (16/16) {!a}
   (You found it in a labyrinth)
Jewellery
 x - an uncursed amulet of stasis
 y - an uncursed amulet of resist corrosion
 z - the amulet of the Four Winds (around neck) {Clar rN+ MR+++}
   (You took it off a minotaur in a labyrinth)

   [amulet of clarity]

   It provides mental clarity.
   It protects you from negative energy.
   It affects your resistance to hostile enchantments.
 A - the ring of the Jester (left hand) {rElec rF+ rC+ Int+3}
   (You found it in a treasure trove)

   [ring of protection from cold]

   It affects your intelligence (+3).
   It protects you from fire.
   It protects you from cold.
   It insulates you from electricity.
 B - an uncursed ring of wizardry
 C - an uncursed ring of protection from cold
 F - the ring "Daqo" (right hand) {Fire +Fly Int+3}
   (You found it on level 3 of the Elven Halls)

   [ring of fire]

   It enhances your fire magic, and weakens your ice magic.
   It affects your intelligence (+3).
   It protects you from fire.
   It makes you vulnerable to cold.
   It lets you fly.
 N - an uncursed ring of positive energy
 P - the ring "Neohuoq" {rPois MP+9 Str+5}
   (You found it on level 5 of a ziggurat)

   [ring of strength]

   It affects your strength (+5).
   It protects you from poison.
   It affects your magic capacity (+9).
 S - an uncursed ring of sustain attributes
Wands
 e - a wand of heal wounds (7)
 f - a wand of heal wounds (2)
 g - a wand of teleportation (4)
 h - a wand of hasting (0)
 i - a wand of digging (11)
 j - a wand of disintegration (14)
Scrolls
 k - 10 scrolls of teleportation
 l - 8 scrolls of blinking
 m - 11 scrolls of fog
 n - 3 scrolls of fear
 o - 14 scrolls of remove curse
 p - a scroll of identify
 q - 5 scrolls of recharging
 G - a scroll of magic mapping
 H - 3 scrolls of holy word
 I - 3 scrolls of enchant armour
 J - 8 scrolls of immolation
Potions
 s - 24 potions of curing
 t - 3 potions of magic
 u - 3 potions of resistance
 v - 3 potions of agility
 K - 10 potions of brilliance
 L - 4 potions of cancellation
 M - 5 potions of cure mutation {!q}
 O - 5 potions of lignification
Books
 T - Hoxuid's Reference Book on Shifting Evil
   (You found it on level 7 of a ziggurat)

   Spells                             Type                      Level
   a - Sublimation of Blood           Necromancy                   2
   b - Passwall                       Transmutation/Earth          3
   c - Ice Form                       Ice/Transmutation            4
   d - Cigotuvi's Embrace             Necromancy                   5
   e - Dispel Undead                  Necromancy                   5
Miscellaneous
 D - a phantom mirror
 E - a fan of gales
Comestibles
 c - 18 bread rations


   Skills:
 * Level 15.8 Fighting
 - Level 10.3 Short Blades
 * Level 24.1 Axes
 - Level 2.0 Throwing
 - Level 9.6 Armour
 - Level 18.0 Dodging
 - Level 15.8 Stealth
 - Level 3.6 Unarmed Combat
 * Level 15.6 Spellcasting
 - Level 12.8 Charms
 - Level 6.0 Summonings
 - Level 14.3 Necromancy
 - Level 10.7 Translocations
 - Level 8.5 Air Magic
 - Level 8.2 Evocations


You had 2 spell levels left.
You knew the following spells:

 Your Spells              Type           Power        Failure   Level  Hunger
a - Apportation           Tloc           ######....   1%          1    None
b - Blink                 Tloc           N/A          1%          2    None
c - Shadow Creatures      Summ           N/A          10%         5    ##.....
d - Deflect Missiles      Chrm/Air       ######....   8%          6    ####...
g - Passage of Golubria   Tloc           N/A          1%          4    None
h - Haste                 Chrm           ######..     2%          6    ####...
j - Aura of Abjuration    Summ           #####.....   10%         5    ##.....
p - Phase Shift           Tloc           ######....   1%          5    ##.....
u - Dispel Undead         Necr           ######..     1%          5    ##.....
v - Vampiric Draining     Necr           ######....   1%          3    None
w - Passwall              Trmt/Erth      ###.......   12%         3    None
x - Excruciating Wounds   Chrm/Necr      ######....   1%          5    ##.....
S - Silence               Hex/Air        #####.....   17%         5    ##.....


Dungeon Overview and Level Annotations

Branches:
Dungeon (15/15)            Temple (1/1) D:5            Lair (8/8) D:10
  Swamp (4/4) Lair:6        Snake (4/4) Lair:6        Slime (0/6) Lair:6
    Orc (4/4) D:11            Elf (3/3) Orc:4        Vaults (5/5) D:14
  Crypt (0/3) Vaults:2     Depths (5/5) D:15            Zot (5/5) Depths:5

Altars:
Ashenzari
Cheibriados
Dithmenos
Elyvilon
Fedhas
Gozag
Kikubaaqudgha
Makhleb
Nemelex Xobeh
Okawaru
Qazlal
Ru
Sif Muna
Trog
Vehumet
Xom
Yredelemnul
The Shining One
Beogh

Shops:
D:15 :   Orc:2 :   Orc:4 [[*:(   Elf:1 [   Elf:3 :*   Vaults:1 :   Vaults:4 [(?
Vaults:5 ?=((=!?=   Depths:2 [

Portals:
Hell: Depths:1 Depths:2 Depths:5
Pandemonium: Depths:3

Annotations:
Depths:2 slime vault
Zot:3 ! Orb of fire, exclusion: orb of fire


Innate Abilities, Weirdness & Mutations

You are resistant to damage.
You can recharge devices by infusing magical energy.
You resist negative energy.
You passively map a large area around you.
You do not regenerate naturally.
Your magical capacity is low (-10% MP).


Message History

Press: ? - help, Shift-Dir - straight line, f - you You feel much better.
This wand has 2 charges left.
You feel sick.
The electric golem blinks!
The purple draconian scorcher completely misses you.
The white draconian breathes frost at you.
The chilling blast misses you.
The chilling blast hits the ancient lich.
The ancient lich resists.
The orb of fire glows yellow.
Strange energies course through your body.
You feel less energetic.
The purple draconian caller hits you but does no damage.
Read which item? (? for menu, Esc to quit)
As you read the scroll of teleportation, it crumbles to dust.
You feel strangely unstable.
You feel the Orb delaying your translocation!
You feel sick. The Orb Guardian completely misses you.
The yellow draconian monk completely misses you. x2
The yellow draconian monk misses you.
The purple draconian scorcher misses you.
The white draconian completely misses you.
You barely miss the purple draconian caller.
The purple draconian caller is moderately wounded.
You slice the purple draconian scorcher!!
You freeze the purple draconian scorcher.
The purple draconian scorcher is heavily wounded.
You barely miss the orb of fire.
You hit the ancient lich but do no damage.
The ancient lich is lightly damaged.
You hit the Orb Guardian. You freeze the Orb Guardian.
The Orb Guardian is moderately wounded.
You hit the Orb Guardian. You freeze the Orb Guardian.
The Orb Guardian is lightly wounded.
You closely miss the yellow draconian monk.
You hit the white draconian but do no damage.
The white draconian is lightly wounded.
You feel sick. The Orb Guardian hits you!!!
* * * LOW HITPOINT WARNING * * *
The Orb Guardian hits you!!
You die...

#▓▓▓▓▓▓▓▓▓****,,,,,**
###..^............,,,,**
##....##...........,,,,,**
######...###............,,,,,,**
........###.............,,,,,,,*
.......## #.............,,,,,,,*
.......# #....^X.......,,,,,,,*
......## #....q*L......,,,,,,,*
......# #...dq@Xd.8...,,,,,,,*
......## #....dqX......,,,,,,,*
.......# ##............,,,,,,**
.......## ##...........,,,,,**
........# ##........[.,,,,**
.######## ###########*********
..#.## *,*,* .#÷#x## *,*,,
.####.## ******* *,***


You could see an orb of fire, an electric golem, a yellow draconian monk, an
ancient lich, a black draconian, a purple draconian, a white draconian, a purple
draconian caller, 3 Orb Guardians and a purple draconian scorcher.

Vanquished Creatures
  An ancient lich (Vaults:5)
  3 orbs of fire (Zot:5)
  Mara (Vaults:3)
  Sojobo (Depths:2)
  Boris (Vaults:2)
  the Lernaean hydra (Swamp:4)
  Vashnia (Snake:3)
  A curse toe (Zot:5)
  2 Killer Klowns (Zot:5)
  8 golden dragons
  Nikola (Snake:3)
  A lich (Depths:5)
  2 electric golems (Zot:5)
  Jorgrun (Elf:2)
  4 tentacled monstrosities
  20 Orb Guardians (Zot:5)
  Asterion (Snake:2)
  5 deep elf blademasters
  5 quicksilver dragons
  6 deep elf master archers
  6 titans
  3 death cobs
  An octopode crusher (Depths:5)
  3 tentacled starspawn
  5 sphinxes
  Agnes (Elf:2)
  5 shadow dragons
  3 storm dragons
  3 thorn hunters
  14 tengu reavers
  A draconian monk (Zot:4)
  8 greater nagas
  Roxanne (D:14)
  11 vault wardens
  5 fire giants
  11 frost giants
  A fire giant (shapeshifter) (Vaults:4)
  Maud (Lair:3)
  An iron dragon (shapeshifter) (Depths:1)
  6 deep elf sorcerers
  A draconian scorcher (Zot:4)
  Aizul (Snake:4)
  2 iron dragons
  Louise (Swamp:2)
  2 draconian shifters (Zot:4)
  2 orc warlords
  A draconian zealot (Zot:4)
  A spriggan defender (Depths:1)
  3 draconian annihilators
  13 ironheart preservers
  5 very ugly things
  2 grey draconians (Depths:5)
  A war gargoyle (Vaults:5)
  3 draconian callers
  3 deep elf demonologists
  2 black draconians (Zot:5)
  Nessos (Lair:6)
  22 stone giants
  4 apis (Depths:5)
  3 yellow draconians
  6 deep elf annihilators
  4 green draconians
  3 purple draconians
  3 white draconians
  5 salamander stormcallers
  2 bennus (Zig:3)
  7 red draconians
  A vampire knight (Depths:2)
  3 mottled draconians
  2 small abominations (Vaults:5)
  15 ettins
  An eidolon (Vaults:2)
  6 deep elf death magi
  3 merfolk javelineers
  A mummy priest (Zig:3)
  A minotaur (Lab)
  A crystal guardian (Vaults:4)
  38 vault guards
  14 fire dragons
  2 entropy weavers (Depths:2)
  20 yaktaur captains
  The ghost of Uberwunderbarhen the Cleaver, a journeyman DDFi of Makhleb (Lair:2)
  9 great orbs of eyes
  2 merfolk impalers (Zig:7)
  4 deep elf high priests
  11 ice dragons
  10 ogre magi
  14 naga warriors
  4 spriggan air magi
  9 centaur warriors
  25 hydras
  4 rakshasas
  A ghost crab (shapeshifter) (Vaults:4)
  7 anacondas
  4 ghost crabs
  20 dancing weapons
  4 alligators
  A merfolk aquamancer (Zig:7)
  8 death yaks
  6 deep troll shamans
  2 vampire magi (Depths:2)
  A satyr (Zig:7)
  3 spriggan berserkers (Depths:2)
  3 thrashing horrors (Abyss:1)
  4 orc high priests
  9 deep troll earth magi
  18 naga sharpshooters
  3 tengu warriors
  7 shock serpents
  A soul eater (Vaults:2)
  Sonja (Orc:3)
  Nergalle (Orc:3)
  6 hell knights (Depths:1)
  2 shadow wraiths (Vaults:4)
  6 sea snakes
  A fire crab (Vaults:3)
  A death drake (Zig:9)
  2 iron trolls
  3 skeletal warriors (D:13)
  3 unseen horrors
  20 deep elf knights
  2 spriggan druids
  A hill giant (shapeshifter) (Depths:2)
  A cherub (Depths:5)
  A storm dragon skeleton (Vaults:2)
  9 swamp dragons
  10 deep elf summoners
  A giant orange brain (Depths:1)
  19 deep trolls
  8 naga ritualists
  3 lindwurms
  A shambling mangrove (Swamp:4)
  7 hill giants
  A giant orange brain (shapeshifter) (Depths:5)
  Pikel (D:7)
  An anubis guard (Zig:3)
  4 phantasmal warriors
  4 necromancers
  4 wizards
  5 griffons
  4 mana vipers
  14 harpies
  12 deep elf conjurers
  18 ironbrand convokers
  7 orc sorcerers
  3 fauns (Zig:7)
  A mana viper (shapeshifter) (Vaults:5)
  17 orc knights
  A manticore (D:15)
  5 wolf spiders
  2 moths of wrath (shapeshifter)
  20 ugly things
  2 hornets
  15 elephants
  2 worldbinders
  2 guardian serpents
  A black mamba (shapeshifter) (Vaults:3)
  5 cyclopes
  5 salamanders
  31 black mambas
  A moth of wrath (Zot:3)
  15 vault sentinels
  Psyche (D:9)
  2 gargoyles
  31 naga magi
  7 torpor snails
  25 spiny frogs
  2 kobold demonologists
  An orange demon (Abyss:1)
  75 yaktaurs
  A tormentor (Abyss:1)
  8 komodo dragons
  A guardian mummy (Zig:3)
  5 fire drakes
  5 tengu conjurers
  An ancient zyme (Zig:4)
  17 deep elf priests
  7 trolls
  7 freezing wraiths
  A wind drake (Zig:7)
  A merfolk (shapeshifter) (Vaults:3)
  2 merfolk (Zig:7)
  19 polar bears
  A polar bear (shapeshifter) (Vaults:4)
  2 trolls (shapeshifter)
  A harpy zombie (D:15)
  6 large abominations
  3 snapping turtles (Zig:7)
  Grinder (D:5)
  22 two-headed ogres
  9 giant leeches
  A wind drake (shapeshifter) (Vaults:5)
  16 blink frogs
  A boulder beetle (shapeshifter) (Depths:5)
  A two-headed ogre (shapeshifter) (Vaults:2)
  6 boulder beetles
  An ettin zombie (Vaults:2)
  5 raiju (Abyss:1)
  A trapdoor spider (shapeshifter) (Depths:2)
  10 shadows
  30 slime creatures
  7 starcursed masses
  6 bog bodies
  A vampire (D:15)
  3 water elementals (Depths:5)
  A trapdoor spider (D:10)
  8 spriggans
  A hog (shapeshifter) (Depths:4)
  8 redbacks
  8 air elementals
  8 wyverns
  A redback (shapeshifter) (Vaults:3)
  34 deep elf magi
  3 wraiths
  A ynoxinul (Abyss:1)
  31 yaks
  7 basilisks
  8 hippogriffs
  Grum (D:9)
  2 steam dragons
  35 deep elf fighters
  31 vampire mosquitoes
  2 humans (D:14)
  6 hungry ghosts
  5 insubstantial wisps (Swamp:2)
  19 swamp worms
  Edmund (D:5)
  A hornet simulacrum (D:13)
  6 wargs
  2 hell hounds
  5 mottled dragons
  53 nagas
  A warg (shapeshifter) (Vaults:5)
  24 water moccasins
  49 wolves
  2 soldier ants
  7 spiders (Lair:8)
  12 wasps
  2 slaves (D:7)
  13 porcupines
  A black bear (shapeshifter) (Vaults:3)
  3 black bears
  4 necrophages
  A tengu (shapeshifter) (Vaults:5)
  A human zombie (Vaults:2)
  36 ogres
  13 swamp drakes
  7 phantoms
  7 ice beasts
  18 centaurs
  A crocodile (shapeshifter) (Vaults:4)
  61 orc warriors
  20 crocodiles
  9 boggarts
  5 gnoll sergeants
  Blork the orc (D:7)
  26 giant frogs
  2 big kobolds
  4 brain worms (Lair:8)
  2 wyvern skeletons
  An orc simulacrum (Vaults:1)
  3 scorpions
  11 wights
  20 killer bees
  4 centaur zombies
  7 electric eels
  4 giant frog zombies
  2 gnoll shamans (D:8)
  5 centaur skeletons
  A crimson imp (D:14)
  11 hounds
  37 orc wizards
  30 orc priests
  4 giant frog skeletons
  2 iron imps (Abyss:1)
  A quasit (Abyss:1)
  14 worker ants
  A lightning spire (Zig:9)
  4 sheep (Lair:5)
  8 iguanas
  A hound zombie (D:7)
  3 mummies
  2 worker ant zombies
  40 river rats
  9 gnolls
  3 shadow imps
  19 adders
  A white imp (Abyss:1)
  A giant eyeball (D:7)
  10 oozes (Sewer)
  An adder skeleton (D:8)
  16 worms (Lair:8)
  13 giant geckos
  278 orcs
  13 giant cockroaches
  6 hobgoblins
  13 jackals
  14 kobolds
  5 quokkas
  12 ball pythons
  4 bats
  A giant gecko skeleton (D:3)
  12 giant newts
  5 goblins
  A jackal zombie (D:6)
  A quokka zombie (D:6)
  4 rats
  A bush (Lair:6)
  6 crawling corpses (Vaults:5)
  2 fire vortices (Vaults:4)
  7 fungi
  7 plants
2528 creatures vanquished.

Vanquished Creatures (collateral kills)
  Erica (D:8)
  A death yak (IceCv)
  A hornet (Lair:8)
  A redback (Lair:8)
  A crocodile (Lair:6)
  An orc priest (D:8)
  4 orcs (Orc:3)
10 creatures vanquished.

Vanquished Creatures (others)
  Margery (Depths:1)
  2 golden dragons (Depths:5)
  A tengu reaver (Vaults:5)
  A black draconian (Zot:4)
  A deep elf high priest (Vaults:5)
  A deep elf knight (Elf:1)
  A deep troll (Vaults:4)
  An elephant (Lair:6)
  A vault sentinel (Vaults:3)
  2 yaktaurs
  4 polar bears (IceCv)
  A deep elf mage (Elf:2)
  A yak (IceCv)
  A deep elf fighter (Elf:2)
  3 insubstantial wisps (Swamp:2)
  A naga (Snake:4)
  A slave (D:7)
  A swamp drake (Zig:9)
  A boggart (Depths:1)
  An orc (Orc:2)
  A crawling corpse (Vaults:5)
  A fire vortex (Vaults:4)
  28 fungi
  31 plants
  6 starspawn tentacles
  4 starspawn tentacle segments
98 creatures vanquished.

Grand Total: 2636 creatures vanquished

Notes
Turn   | Place    | Note
--------------------------------------------------------------
     0 | D:1      | glosham the Deep Dwarf Monk began the quest for the Orb.
     0 | D:1      | Reached XP level 1. HP: 20/20 MP: 1/1
   188 | D:2      | Reached skill level 3 in Fighting
   188 | D:2      | Reached XP level 2. HP: 26/28 MP: 2/2
   507 | D:3      | Reached XP level 3. HP: 27/36 MP: 3/3
   565 | D:3      | Reached skill level 1 in Axes
   569 | D:3      | Found a glowing drain.
   581 | Sewer    | Entered a sewer
   614 | Sewer    | Reached skill level 2 in Axes
   678 | Sewer    | Reached XP level 4. HP: 23/44 MP: 4/4
   875 | Sewer    | Reached skill level 3 in Axes
  1069 | Sewer    | Reached skill level 4 in Axes
  1069 | Sewer    | Reached XP level 5. HP: 32/50 MP: 5/5
  1167 | Sewer    | Noticed a giant frog
  1181 | Sewer    | Killed a giant frog
  1181 | Sewer    | Reached skill level 5 in Axes
  1481 | D:4      | Reached skill level 1 in Armour
  1481 | D:4      | Reached XP level 6. HP: 38/57 MP: 5/5
  1524 | D:4      | Reached skill level 2 in Armour
  1558 | D:4      | Found a radiant altar of Vehumet.
  1559 | D:4      | Found a sparkling altar of Nemelex Xobeh.
  1666 | D:4      | Noticed a black bear
  1683 | D:4      | Killed a black bear
  1683 | D:4      | Reached skill level 6 in Axes
  1806 | D:4      | Found a snail-covered altar of Cheibriados.
  2034 | D:3      | Reached XP level 7. HP: 23/63 MP: 6/6
  2529 | D:4      | Reached skill level 7 in Axes
  2889 | D:5      | Entered Level 5 of the Dungeon
  2908 | D:5      | Reached skill level 4 in Fighting
  2908 | D:5      | Reached skill level 4 in Dodging
  3009 | D:5      | Noticed Edmund
  3022 | D:5      | Killed Edmund
  3022 | D:5      | Reached skill level 8 in Axes
  3022 | D:5      | Reached XP level 8. HP: 59/73 MP: 7/7
  3055 | D:5      | Got a steaming leather armour
  3074 | D:5      | Identified the +0 leather armour "Miugiju" {rF+++ rN+ Str+2 Int-3} (You found it on level 5 of the Dungeon)
  3217 | D:5      | Found a bloodstained altar of Trog.
  3246 | D:5      | Noticed Grinder
  3272 | D:5      | Killed Grinder
  3272 | D:5      | Reached skill level 5 in Dodging
  3416 | D:5      | Reached skill level 5 in Fighting
  3416 | D:5      | Reached skill level 9 in Axes
  3629 | D:5      | Found a staircase to the Ecumenical Temple.
  3634 | Temple   | Entered the Ecumenical Temple
  3718 | Temple   | Became a worshipper of Makhleb the Destroyer
  3718 | Temple   | Reached * piety under Makhleb
  3718 | Temple   | Reached ** piety under Makhleb
  3876 | D:6      | Found an opulent altar of Gozag.
  3933 | D:6      | Found a basalt altar of Yredelemnul.
  4528 | D:8      | Gained mutation: You passively map the area around you. [Deep Dwarf growth]
  4528 | D:8      | Reached XP level 9. HP: 70/81 MP: 7/7
  4668 | D:8      | Reached skill level 10 in Axes
  4668 | D:8      | Reached skill level 6 in Dodging
  4779 | D:8      | Noticed Erica
  4911 | D:8      | Reached skill level 6 in Fighting
  4937 | D:8      | Reached *** piety under Makhleb
  5011 | D:7      | Reached skill level 11 in Axes
  5104 | D:7      | Noticed Pikel
  5163 | D:7      | Killed Pikel
  5163 | D:7      | Reached skill level 7 in Dodging
  5191 | D:7      | Found a stormy altar of Qazlal.
  5367 | D:7      | Noticed Blork the orc
  5390 | D:7      | Reached XP level 10. HP: 72/92 MP: 8/8
  5415 | D:7      | Killed Blork the orc
  5719 | D:7      | Reached skill level 12 in Axes
  5757 | D:7      | Paralysed by a giant eyeball for 2 turns
  5895 | D:8      | Killed Erica
  5895 | D:8      | Reached skill level 3 in Armour
  5974 | D:8      | Reached **** piety under Makhleb
  6208 | D:8      | Got a glittering jade ring
  6210 | D:8      | Identified the cursed ring of Xom's Flight of Fancy {rElec Int-4} (You found it on level 8 of the Dungeon)
  6223 | D:8      | Found a glowing golden altar of the Shining One.
  6351 | D:8      | Reached skill level 7 in Fighting
  6351 | D:8      | Reached skill level 8 in Dodging
  6587 | D:8      | Reached ***** piety under Makhleb
  6886 | D:9      | Noticed Grum
  6897 | D:9      | Killed Grum
  6902 | D:9      | Reached skill level 1 in Evocations
  6988 | D:9      | Reached skill level 4 in Armour
  7196 | D:9      | Reached skill level 1 in Throwing
  7256 | D:9      | Found a blossoming altar of Fedhas.
  7368 | D:9      | Noticed Psyche
  7382 | D:9      | Killed Psyche
  7382 | D:9      | Reached skill level 2 in Evocations
  7563 | D:10     | Entered Level 10 of the Dungeon
  7587 | D:10     | Reached skill level 13 in Axes
  7622 | D:10     | Reached XP level 11. HP: 100/100 MP: 8/8
  7731 | D:10     | Noticed a hill giant
  7757 | D:10     | Killed a hill giant
  7757 | D:10     | Reached skill level 2 in Throwing
  7757 | D:10     | Reached skill level 5 in Armour
  7757 | D:10     | Reached skill level 3 in Evocations
  8074 | D:10     | Found a staircase to the Lair.
  8369 | D:10     | Reached skill level 4 in Evocations
  8467 | D:11     | Found a shadowy altar of Dithmenos.
  8694 | D:11     | Reached skill level 9 in Dodging
  8727 | D:11     | Reached ****** piety under Makhleb
  8792 | D:11     | Reached skill level 6 in Armour
  8909 | D:11     | Found a staircase to the Orcish Mines.
  9051 | Orc:1    | Entered Level 1 of the Orcish Mines
  9360 | Orc:1    | Reached skill level 5 in Evocations
  9552 | Orc:1    | Noticed an orc high priest
  9572 | Orc:1    | Killed an orc high priest
  9572 | Orc:1    | Reached skill level 14 in Axes
  9909 | D:10     | Learned a level 6 spell: Haste
  9921 | Lair:1   | Entered Level 1 of the Lair of Beasts
 10030 | Lair:1   | Reached skill level 1 in Charms
 10412 | Lair:1   | Reached skill level 1 in Spellcasting
 10448 | Lair:1   | Reached XP level 12. HP: 110/110 MP: 12/12
 10652 | Lair:2   | Reached skill level 2 in Charms
 10730 | Lair:2   | Noticed an eight-headed hydra
 10750 | Lair:2   | Killed a one-headed hydra
 10750 | Lair:2   | Reached skill level 8 in Fighting
 10867 | Lair:2   | Noticed Uberwunderbarhen's ghost (journeyman DDFi)
 10908 | Lair:2   | Killed Uberwunderbarhen's ghost
 10964 | Lair:2   | Reached skill level 10 in Dodging
 10964 | Lair:2   | Reached skill level 2 in Spellcasting
 11258 | Lair:1   | Reached skill level 3 in Charms
 11670 | D:12     | Reached skill level 15 in Axes
 12118 | Orc:2    | Found Gibb's Book Boutique.
 12180 | Orc:2    | Bought the Grimoire of Evil for 1200 gold pieces
 12184 | Orc:2    | Learned a level 3 spell: Vampiric Draining
 12229 | Orc:2    | Reached skill level 1 in Necromancy
 12348 | Orc:2    | Found a frozen archway.
 12352 | Orc:2    | Reached skill level 2 in Necromancy
 12380 | Orc:2    | Reached skill level 3 in Necromancy
 12406 | Orc:2    | Noticed an ice dragon
 12422 | Orc:2    | Killed an ice dragon
 12422 | Orc:2    | Reached skill level 4 in Necromancy
 12447 | IceCv    | Entered an ice cave
 12465 | IceCv    | Reached skill level 5 in Necromancy
 12612 | IceCv    | Reached skill level 6 in Necromancy
 12653 | IceCv    | Reached XP level 13. HP: 63/118 MP: 4/13
 12780 | IceCv    | Reached skill level 7 in Necromancy
 13074 | IceCv    | Reached skill level 8 in Necromancy
 13119 | IceCv    | Learned a level 2 spell: Repel Missiles
 13123 | IceCv    | Learned a level 2 spell: Blink
 13395 | IceCv    | Reached skill level 3 in Spellcasting
 13395 | IceCv    | Reached skill level 1 in Translocations
 13436 | IceCv    | Reached skill level 4 in Charms
 13450 | IceCv    | Reached skill level 2 in Translocations
 13468 | IceCv    | Learned a level 5 spell: Excruciating Wounds
 13735 | IceCv    | Noticed a frost giant
 13803 | IceCv    | Killed a frost giant
 14170 | Orc:2    | Found a roughly hewn altar of Beogh.
 14474 | Lair:3   | Noticed Maud
 14487 | Lair:3   | Killed Maud
 14487 | Lair:3   | Reached skill level 9 in Necromancy
 14563 | Lair:3   | Reached skill level 4 in Spellcasting
 15189 | Lair:4   | Reached skill level 5 in Charms
 15629 | Lair:5   | Found a shimmering altar of Xom.
 16123 | Lair:6   | Found a staircase to the Slime Pits.
 16212 | Lair:6   | Gained mutation: You resist negative energy. [Deep Dwarf growth]
 16212 | Lair:6   | Reached XP level 14. HP: 127/127 MP: 14/16
 16252 | Lair:6   | Reached skill level 11 in Dodging
 16280 | Lair:6   | Reached skill level 10 in Necromancy
 16301 | Lair:6   | Found a staircase to the Swamp.
 16334 | Lair:6   | Noticed Nessos
 16359 | Lair:6   | Killed Nessos
 16369 | Lair:6   | Reached skill level 5 in Spellcasting
 16497 | Lair:6   | Found a staircase to the Snake Pit.
 17057 | Lair:7   | Reached skill level 6 in Charms
 17147 | Lair:7   | Reached skill level 9 in Fighting
 17359 | Lair:8   | Entered Level 8 of the Lair of Beasts
 17435 | Lair:8   | Identified Cierhioc's Reference Book on Cankerous Confrontation (You found it on level 8 of the Lair of Beasts)
 17797 | Lair:8   | Reached skill level 11 in Necromancy
 17801 | Lair:8   | Reached skill level 16 in Axes
 17840 | Lair:8   | Reached skill level 12 in Dodging
 17950 | Lair:8   | Found a runed door.
 18200 | Lair:8   | Got a pitted ring mail
 18211 | Lair:8   | Identified the +1 ring mail of Egalitarianism {Str+7} (You found it on level 8 of the Lair of Beasts)
 18520 | Lair:8   | Reached skill level 6 in Spellcasting
 18524 | Lair:8   | Reached XP level 15. HP: 135/135 MP: 14/19
 18617 | Lair:8   | Got a silken robe
 18628 | Lair:8   | Identified the +1 robe "Yjeovore" {rF+ rN++ Str+2} (You found it on level 8 of the Lair of Beasts)
 18724 | Lair:8   | Paralysed by a hornet for 4 turns
 19677 | D:13     | Reached skill level 12 in Necromancy
 20512 | D:14     | Reached skill level 13 in Dodging
 20598 | D:14     | Found a gate to the Vaults.
 20669 | D:14     | Got a smoking leather armour
 20680 | D:14     | Identified the +3 leather armour of the Hills {rF- MP+9 Str+4 Slay+5} (You found it on level 14 of the Dungeon)
 20829 | D:14     | Noticed Roxanne
 20974 | D:14     | Killed Roxanne
 20976 | D:14     | Identified Roxanne's Volume of Dusty Transformation (You took it off Roxanne on level 14 of the Dungeon)
 20994 | D:15     | Entered Level 15 of the Dungeon
 21114 | D:15     | Found Lupeb's Book Shop.
 21139 | D:15     | Found a labyrinth entrance.
 21156 | Lab      | Entered a labyrinth
 21385 | Lab      | Identified a +7 rod of the swarm (14/14) (You found it in a labyrinth)
 21423 | D:15     | Upgraded the game from 0.17-a0-2069-g0f4ee5b to 0.17-a0-2073-gde5cdba
 21425 | D:15     | Learned a level 1 spell: Apportation
 21438 | D:15     | Learned a level 2 spell: Corpse Rot
 21772 | D:15     | Reached skill level 14 in Dodging
 21914 | D:15     | Reached skill level 3 in Translocations
 22105 | D:15     | Found a staircase to the Depths.
 22157 | D:15     | Learned a level 5 spell: Phase Shift
 22236 | D:14     | Reached skill level 4 in Translocations
 22327 | D:15     | Reached skill level 15 in Dodging
 22717 | Orc:3    | Noticed Sonja
 22762 | Orc:3    | Killed Sonja
 22826 | Orc:3    | Noticed Nergalle
 22836 | Orc:3    | Killed Nergalle
 23109 | Orc:3    | Reached skill level 5 in Translocations
 23118 | Orc:4    | Entered Level 4 of the Orcish Mines
 23130 | Orc:4    | Reached XP level 16. HP: 120/144 MP: 18/21
 23151 | Orc:4    | Reached skill level 6 in Translocations
 23262 | Orc:4    | Found Byubi's Antique Armour Emporium.
 23282 | Orc:4    | Bought a pair of runed boots for 144 gold pieces
 23292 | Orc:4    | Identified a +1 pair of boots of running (You bought it in a shop on level 4 of the Orcish Mines)
 23373 | Orc:4    | Found Orayna Qaut's Antique Armour Emporium.
 23507 | Orc:4    | Reached skill level 7 in Translocations
 23570 | Orc:4    | Reached skill level 7 in Spellcasting
 23577 | Orc:4    | Found Elauhieq's Book Shop.
 23621 | Orc:4    | Found Queth's General Store.
 23634 | Orc:4    | Bought a potion of curing for 36 gold pieces
 23634 | Orc:4    | Bought a scroll of identify for 24 gold pieces
 23634 | Orc:4    | Bought a cursed amulet of inaccuracy for 24 gold pieces
 23634 | Orc:4    | Bought a scroll of identify for 24 gold pieces
 23634 | Orc:4    | Bought a potion of lignification for 36 gold pieces
 23634 | Orc:4    | Bought a scroll of teleportation for 36 gold pieces
 23634 | Orc:4    | Bought a potion of brilliance for 48 gold pieces
 23655 | Orc:4    | Found a staircase to the Elven Halls.
 23753 | Orc:4    | Found Hairchasu's Antique Weapon Emporium.
 23819 | Orc:4    | Bought an ancient robe for 182 gold pieces
 23819 | Orc:4    | Bought a dazzling leather armour for 224 gold pieces
 23829 | Orc:4    | Identified the cursed +1 robe of Mental Paralysis {Regen+ MP+9 Slay+2} (You bought it in a shop on level 4 of the Orcish Mines)
 23840 | Orc:4    | Identified the cursed +0 leather armour of the Game of Kings {rC++ Str-5} (You bought it in a shop on level 4 of the Orcish Mines)
 23896 | Elf:1    | Entered Level 1 of the Elven Halls
 24148 | Elf:1    | Reached skill level 8 in Translocations
 24353 | Elf:1    | Found Qiejus's Antique Armour Boutique.
 24362 | Elf:1    | Bought a runed helmet for 108 gold pieces
 24578 | Orc:2    | Bought a book of Spatial Translocations for 975 gold pieces
 24583 | Orc:2    | Learned a level 4 spell: Passage of Golubria
 24918 | Depths:1 | Entered Level 1 of the Depths
 25013 | Depths:1 | Found a gateway to Hell.
 25013 | Depths:1 | Noticed Margery
 25028 | Depths:1 | Reached skill level 8 in Spellcasting
 25073 | Depths:1 | HP: 14/144 [hell knight/broad axe[Margery] (2)]
 25078 | Depths:1 | Killed Margery
 25098 | Depths:1 | HP: 5/144 [hell knight/demon blade[Margery] (17)]
 25103 | Depths:1 | Reached skill level 16 in Dodging
 25274 | Depths:1 | Upgraded the game from 0.17-a0-2073-gde5cdba to 0.17-a0-2093-gc772f4b
 25348 | Depths:2 | Found Hijamm's Antique Armour Shop.
 25348 | Depths:2 | Noticed an acid blob
 25348 | Depths:2 | Noticed an acid blob
 25435 | Depths:2 | Noticed Sojobo
 25454 | Depths:2 | Killed Sojobo
 25454 | Depths:2 | Reached skill level 17 in Dodging
 25583 | Depths:2 | Reached skill level 18 in Dodging
 25645 | Depths:1 | Reached skill level 3 in Stealth
 25668 | Depths:1 | Reached skill level 4 in Stealth
 25679 | Depths:1 | Reached skill level 5 in Stealth
 25688 | Depths:1 | Reached XP level 17. HP: 109/150 MP: 1/24
 25720 | Depths:1 | Reached skill level 6 in Stealth
 25877 | Depths:2 | Reached skill level 7 in Stealth
 25966 | Depths:2 | Reached skill level 8 in Stealth
 25992 | Depths:2 | Reached skill level 17 in Axes
 26227 | Depths:2 | Reached skill level 18 in Axes
 26414 | Depths:2 | Noticed a quicksilver dragon
 26428 | Depths:2 | Killed a quicksilver dragon
 26567 | Depths:2 | Reached skill level 19 in Axes
 27341 | Depths:1 | Noticed a titan
 27353 | Depths:1 | Noticed a shard shrike
 27382 | Depths:1 | Noticed a caustic shrike
 27382 | Depths:1 | an acid blob changed into a caustic shrike
 27386 | Depths:1 | a caustic shrike changed into an acid blob
 27397 | Depths:1 | Gained mutation: You passively map a large area around you. [Deep Dwarf growth]
 27397 | Depths:1 | Reached XP level 18. HP: 37/158 MP: 10/25
 27402 | Depths:1 | HP: 9/158 [stone giant (9)]
 27407 | Depths:1 | Reached skill level 20 in Axes
 27430 | Depths:1 | Killed a titan
 27464 | Depths:1 | Got a scorched ice dragon armour
 27536 | Depths:2 | Identified the cursed +0 ice dragon armour of Xom's Pride {rElec rF- rC++ Str+6 SInv} (You took it off a spriggan defender on level 1 of the Depths)
 27582 | Depths:2 | Bought a translucent helmet for 351 gold pieces
 27592 | Depths:2 | Identified the +2 helmet of Fedhas's Vengeance {*Confuse rN+ Int+4} (You bought it in a shop on level 2 of the Depths)
 27602 | Depths:2 | Bought a transparent robe for 210 gold pieces
 27614 | Depths:2 | Identified the cursed +1 robe of Refuge {Int+6} (You bought it in a shop on level 2 of the Depths)
 27974 | D:15     | Learned a level 2 spell: Shroud of Golubria
 28394 | Elf:2    | Found a shimmering altar of Xom.
 28738 | Elf:2    | Reached skill level 10 in Fighting
 28824 | Elf:2    | Found a huge runed gate.
 28824 | Elf:2    | Found a huge runed gate.
 28825 | Elf:2    | Found a huge runed gate.
 28833 | Elf:2    | Found a huge runed gate.
 28836 | Elf:2    | Found a huge runed gate.
 28850 | Elf:2    | Noticed Jorgrun
 28866 | Elf:2    | Killed Jorgrun
 29106 | Elf:2    | Noticed Agnes
 29191 | Elf:2    | Reached skill level 11 in Fighting
 29590 | Elf:2    | Killed Agnes
 29809 | Elf:2    | Reached skill level 12 in Fighting
 30490 | Snake:1  | Entered Level 1 of the Snake Pit
 30731 | Snake:1  | Upgraded the game from 0.17-a0-2093-gc772f4b to 0.17-a0-2098-gf59d6bc
 30919 | Snake:4  | Entered Level 4 of the Snake Pit
 30919 | Snake:4  | Noticed Aizul
 30931 | Snake:4  | Killed Aizul
 31029 | Snake:4  | Reached skill level 13 in Fighting
 31148 | Snake:4  | Reached XP level 19. HP: 178/178 MP: 17/26
 31185 | Snake:4  | Reached skill level 1 in Air Magic
 31411 | Snake:4  | Reached skill level 2 in Air Magic
 31557 | Snake:4  | Reached skill level 3 in Air Magic
 31586 | Snake:4  | Got a serpentine rune of Zot
 31831 | Snake:4  | Identified a +2 pair of boots of flying (You found it on level 4 of the Snake Pit)
 32123 | Snake:4  | Reached skill level 14 in Fighting
 32159 | Snake:4  | Noticed Vashnia
 32214 | Snake:3  | Killed Vashnia
 32214 | Snake:3  | Reached skill level 9 in Spellcasting
 32222 | Snake:3  | Noticed Nikola
 32238 | Snake:3  | Killed Nikola
 33162 | Snake:1  | Reached skill level 10 in Spellcasting
 33700 | Snake:2  | Noticed Asterion
 33711 | Snake:2  | Killed Asterion
 34114 | D:15     | Reached skill level 15 in Fighting
 34416 | Swamp:1  | Entered Level 1 of the Swamp
 34542 | Swamp:2  | Reached skill level 6 in Evocations
 34589 | Swamp:2  | Noticed Louise
 34624 | Swamp:2  | Killed Louise
 34624 | Swamp:2  | Reached skill level 9 in Translocations
 34674 | Swamp:2  | Reached XP level 20. HP: 194/194 MP: 29/29
 34778 | Swamp:4  | Entered Level 4 of the Swamp
 34854 | Swamp:4  | Reached skill level 13 in Necromancy
 34924 | Swamp:4  | Cast into the Abyss (the power of Zot)
 35148 | Abyss:1  | Reached skill level 7 in Evocations
 35206 | Abyss:1  | Reached skill level 7 in Charms
 35333 | Swamp:4  | Escaped the Abyss
 35353 | Swamp:4  | Reached skill level 7 in Armour
 35473 | Swamp:4  | Noticed the 27-headed Lernaean hydra
 35636 | Swamp:4  | Killed the 20-headed Lernaean hydra
 35636 | Swamp:4  | Reached skill level 8 in Evocations
 35794 | Swamp:4  | Got a decaying rune of Zot
 36014 | Swamp:2  | Reached skill level 10 in Translocations
 36337 | Swamp:3  | Reached skill level 8 in Armour
 36346 | Swamp:3  | Reached skill level 8 in Charms
 37544 | Elf:3    | Entered Level 3 of the Elven Halls
 37637 | Elf:3    | Found Xaxzieneil's One-of-a-Kind Books.
 37860 | Elf:3    | Found Rovaeff's General Store.
 37868 | Elf:3    | Bought a scroll of enchant armour for 112 gold pieces
 37868 | Elf:3    | Bought a scroll of enchant armour for 112 gold pieces
 38139 | Elf:3    | Reached skill level 9 in Armour
 38310 | Elf:3    | Reached skill level 11 in Spellcasting
 38387 | Elf:3    | Reached skill level 9 in Charms
 38548 | Elf:3    | Identified the Papyrus of Enhancements (You found it on level 3 of the Elven Halls)
 38656 | Elf:3    | Reached XP level 21. HP: 201/201 MP: 23/31
 38726 | Elf:3    | Got a bound copper ring
 38727 | Elf:3    | Identified the ring "Daqo" {Fire +Fly Int+3} (You found it on level 3 of the Elven Halls)
 38780 | Elf:3    | Got a pitted scale mail
 38791 | Elf:3    | Identified the +4 scale mail of the Lobster {Str+3} (You found it on level 3 of the Elven Halls)
 38897 | Elf:3    | Bought a scroll of amnesia for 52 gold pieces
 39332 | D:15     | Learned a level 5 spell: Aura of Abjuration
 39407 | Vaults:1 | Entered Level 1 of the Vaults
 39470 | Vaults:2 | Reached skill level 1 in Summonings
 39553 | Vaults:2 | Reached skill level 2 in Summonings
 39646 | Vaults:2 | Upgraded the game from 0.17-a0-2098-gf59d6bc to 0.17-a0-2101-g0c122e7
 39704 | Vaults:2 | Noticed Boris
 39732 | Vaults:2 | Killed Boris
 39732 | Vaults:2 | Reached skill level 3 in Summonings
 40188 | Vaults:1 | Found Qoub's Book Shoppe.
 40274 | Vaults:1 | Got a crystal rapier
 40275 | Vaults:1 | Identified the +8 rapier "Raymoo" {pain, rPois Str+2 Dex+3} (You found it on level 1 of the Vaults)
 40330 | Vaults:1 | Reached skill level 4 in Summonings
 40411 | Vaults:1 | Reached skill level 10 in Charms
 40636 | Vaults:1 | Reached skill level 5 in Summonings
 40803 | Vaults:1 | Reached skill level 6 in Summonings
 40930 | Vaults:1 | Reached skill level 12 in Spellcasting
 41109 | Vaults:2 | Found a staircase to the Crypt.
 41225 | Vaults:2 | Reached skill level 1 in Short Blades
 41228 | Vaults:2 | Reached skill level 9 in Stealth
 41481 | Vaults:2 | Reached skill level 2 in Short Blades
 41680 | D:15     | Learned a level 5 spell: Shadow Creatures
 41879 | Vaults:3 | Noticed Mara
 41919 | Vaults:3 | Killed Mara
 41919 | Vaults:3 | Reached skill level 3 in Short Blades
 41919 | Vaults:3 | Reached skill level 10 in Stealth
 42061 | Vaults:3 | Reached skill level 4 in Short Blades
 42063 | Vaults:3 | Reached XP level 22. HP: 195/210 MP: 8/33
 42442 | Vaults:3 | Reached skill level 11 in Stealth
 42558 | Vaults:3 | Reached skill level 5 in Short Blades
 42853 | Vaults:4 | Got a steaming great sword
 42854 | Vaults:4 | Identified the cursed +1 great sword of Fepsibo {slice, *Contam Str+2 Dex+3 SInv} (You found it on level 4 of the Vaults)
 43029 | Vaults:5 | Entered Level 5 of the Vaults
 43043 | Vaults:5 | Reached skill level 12 in Stealth
 43044 | Vaults:5 | Reached skill level 6 in Short Blades
 43045 | Vaults:5 | Reached skill level 13 in Spellcasting
 43073 | Vaults:5 | Noticed an ancient lich
 43097 | Vaults:5 | Killed an ancient lich
 43097 | Vaults:5 | Reached skill level 7 in Short Blades
 43126 | Vaults:5 | Reached skill level 13 in Stealth
 43322 | Vaults:5 | Reached skill level 8 in Short Blades
 43402 | Vaults:5 | Reached skill level 14 in Stealth
 43628 | Vaults:5 | Reached XP level 23. HP: 121/217 MP: 29/35
 43709 | Vaults:5 | Found Vubliwo's Jewellery Shoppe.
 43741 | Vaults:5 | Bought an uncursed amulet of resist corrosion for 300 gold pieces
 43741 | Vaults:5 | Bought an uncursed ring of protection from fire for 375 gold pieces
 43741 | Vaults:5 | Bought an uncursed ring of poison resistance for 300 gold pieces
 43856 | Vaults:5 | Reached skill level 14 in Spellcasting
 43894 | Vaults:5 | Reached skill level 9 in Short Blades
 44128 | Vaults:5 | Reached skill level 15 in Stealth
 44258 | Vaults:5 | Found Wuugeq's Antique Weapon Shoppe.
 44262 | Vaults:5 | Found Digun's Antique Weapon Boutique.
 44266 | Vaults:5 | Found Wiuj's Jewellery Shoppe.
 44307 | Vaults:5 | Found Deagid's Jewellery Boutique.
 44498 | Vaults:5 | Found Rosivufa's Magic Scroll Emporium.
 44502 | Vaults:5 | Bought a scroll of identify for 36 gold pieces
 44502 | Vaults:5 | Bought a scroll of fog for 36 gold pieces
 44502 | Vaults:5 | Bought a scroll of identify for 36 gold pieces
 44502 | Vaults:5 | Bought a scroll of identify for 36 gold pieces
 44502 | Vaults:5 | Bought a scroll of immolation for 63 gold pieces
 44512 | Vaults:5 | Got a silver rune of Zot
 44565 | Vaults:5 | Found Befotuth's Magic Scroll Emporium.
 44565 | Vaults:5 | Found Lokuitof's Distillery.
 44570 | Vaults:5 | Bought a scroll of enchant armour for 135 gold pieces
 44570 | Vaults:5 | Bought a scroll of enchant weapon for 135 gold pieces
 44570 | Vaults:5 | Bought a scroll of immolation for 63 gold pieces
 44570 | Vaults:5 | Bought a scroll of identify for 36 gold pieces
 44570 | Vaults:5 | Bought a scroll of acquirement for 936 gold pieces
 44570 | Vaults:5 | Bought a scroll of recharging for 171 gold pieces
 44589 | Vaults:5 | Bought a potion of curing for 39 gold pieces
 44589 | Vaults:5 | Bought a potion of cancellation for 104 gold pieces
 44589 | Vaults:5 | Bought 2 potions of resistance for 260 gold pieces
 44589 | Vaults:5 | Bought a potion of curing for 39 gold pieces
 44589 | Vaults:5 | Bought 2 potions of curing for 78 gold pieces
 44589 | Vaults:5 | Bought a potion of brilliance for 52 gold pieces
 44589 | Vaults:5 | Bought a potion of brilliance for 52 gold pieces
 44589 | Vaults:5 | Bought 2 potions of curing for 78 gold pieces
 44589 | Vaults:5 | Bought a potion of agility for 52 gold pieces
 44649 | Vaults:4 | Reached skill level 10 in Short Blades
 44765 | Vaults:4 | Reached skill level 11 in Charms
 44899 | Vaults:4 | Found Xuvip's Antique Armour Boutique.
 44899 | Vaults:4 | Found Loloh's Weapon Boutique.
 44915 | Vaults:4 | Bought a faintly humming cloak for 304 gold pieces
 44987 | Vaults:4 | Identified the cursed -2 cloak of Noovasot {Regen+ Slay+3} (You bought it in a shop on level 4 of the Vaults)
 45025 | Vaults:4 | Found Waky's Magic Scroll Boutique.
 45031 | Vaults:4 | Bought a scroll of enchant weapon for 172 gold pieces
 45031 | Vaults:4 | Bought a scroll of enchant weapon for 172 gold pieces
 45212 | Vaults:4 | Reached skill level 14 in Necromancy
 45606 | D:15     | Learned a level 3 spell: Passwall
 45613 | D:15     | Learned a level 6 spell: Deflect Missiles
 45688 | Depths:3 | Found a one-way gate leading to the halls of Pandemonium.
 45777 | Depths:4 | Reached skill level 4 in Air Magic
 45799 | Depths:5 | Entered Level 5 of the Depths
 45831 | Depths:5 | Reached XP level 24. HP: 146/225 MP: 23/36
 45849 | Depths:5 | Reached skill level 5 in Air Magic
 45888 | Depths:5 | Reached skill level 12 in Charms
 46041 | Depths:5 | Found a portal to a secret trove of treasure.
 46056 | Depths:5 | Found a gateway to a ziggurat.
 46305 | Depths:5 | You paid a toll of a +2 gold dragon armour to enter a treasure trove
 46306 | Trove    | Entered a treasure trove
 46330 | Trove    | Got a sparkling platinum ring
 46331 | Trove    | Identified the ring of the Jester {rElec rF+ rC+ Int+3} (You found it in a treasure trove)
 46339 | Trove    | Got a clouded golden ring
 46340 | Trove    | Identified the ring "Zyeguts" {rPois Stlth-} (You found it in a treasure trove)
 46351 | Trove    | Got a wavering steel amulet
 46356 | Trove    | Identified the amulet "Jesuusona" {Inacc rF++ Str+4} (You found it in a treasure trove)
 46416 | Zig:1    | Entered Level 1 of a ziggurat
 46431 | Zig:2    | Entered Level 2 of a ziggurat
 46453 | Zig:3    | Entered Level 3 of a ziggurat
 46482 | Zig:3    | Reached skill level 6 in Air Magic
 46508 | Zig:4    | Entered Level 4 of a ziggurat
 46536 | Zig:4    | Got an ichor-stained ring mail
 46547 | Zig:4    | Identified the +5 ring mail of Divine Intervention {rC+} (You found it on level 4 of a ziggurat)
 46561 | Zig:5    | Entered Level 5 of a ziggurat
 46590 | Zig:5    | Got a steaming pewter ring
 46591 | Zig:5    | Identified the ring "Neohuoq" {rPois MP+9 Str+5} (You found it on level 5 of a ziggurat)
 46594 | Zig:5    | Identified the Collected Works on the Harmful Birds
 46598 | Zig:5    | Reached XP level 25. HP: 232/232 MP: 36/36
 46603 | Zig:5    | Got a faintly humming chain mail
 46614 | Zig:5    | Identified the +8 chain mail "Puutusyot" {rPois Str+4 Int-3} (You found it on level 5 of a ziggurat)
 46636 | Zig:5    | Learned a level 5 spell: Silence
 46638 | Zig:6    | Entered Level 6 of a ziggurat
 46683 | Zig:6    | Reached skill level 7 in Air Magic
 46702 | Zig:6    | Reached skill level 8 in Air Magic
 46702 | Zig:6    | Reached XP level 26. HP: 241/241 MP: 36/36
 46878 | Zig:7    | Entered Level 7 of a ziggurat
 46949 | Zig:7    | Identified Hoxuid's Reference Book on Shifting Evil
 46953 | Zig:8    | Entered Level 8 of a ziggurat
 46980 | Zig:8    | Reached skill level 15 in Spellcasting
 47000 | Zig:8    | Learned a level 5 spell: Dispel Undead
 47139 | Zig:9    | Entered Level 9 of a ziggurat
 47217 | Zig:9    | Got an iridescent blowgun
 47218 | Zig:9    | Identified the +9 blowgun of the Onslaught {evade, rF+ rC+} (You found it on level 9 of a ziggurat)
 47230 | Zig:9    | Reached skill level 21 in Axes
 47230 | Zig:9    | Reached XP level 27. HP: 182/248 MP: 24/37
 47236 | Zig:10   | Entered Level 10 of a ziggurat
 47399 | Depths:5 | HP: 5/248 [titan (45)]
 47845 | Depths:5 | Reached skill level 22 in Axes
 47976 | Depths:5 | Found a gate to the Realm of Zot.
 48054 | Zot:1    | Entered Level 1 of the Realm of Zot
 48137 | Zot:3    | Noticed an orb of fire
 48275 | Zot:4    | Reached skill level 23 in Axes
 48365 | Zot:5    | Entered Level 5 of the Realm of Zot
 48644 | Zot:5    | Upgraded the game from 0.17-a0-2101-g0c122e7 to 0.17-a0-2109-g117576f
 48711 | Zot:5    | Noticed an orb of fire
 48717 | Zot:5    | Noticed an orb of fire
 48717 | Zot:5    | Noticed an orb of fire
 48723 | Zot:5    | Gained mutation: You occasionally shout uncontrollably at your foes. [an orb of fire]
 48725 | Zot:5    | Gained mutation: Your spells are a little easier to cast, but a little less powerful. [an orb of fire]
 48726 | Zot:5    | Gained mutation: You are weak. (Str -2) [an orb of fire]
 48735 | Zot:5    | Killed an orb of fire
 48742 | Zot:5    | Killed an orb of fire
 48745 | Zot:5    | Killed an orb of fire
 48746 | Zot:5    | Lost mutation: You are weak. (Str -2) [potion of cure mutation]
 48746 | Zot:5    | Lost mutation: You occasionally shout uncontrollably at your foes. [potion of cure mutation]
 48746 | Zot:5    | Lost mutation: Your spells are a little easier to cast, but a little less powerful. [potion of cure mutation]
 48808 | Zot:5    | Reached skill level 24 in Axes
 48845 | Zot:5    | Got the Orb of Zot
 48881 | Zot:5    | Noticed Quazxaegg the pandemonium lord
 48908 | Zot:5    | Noticed an ancient lich
 48908 | Zot:5    | Noticed an orb of fire
 48914 | Zot:5    | Gained mutation: Your magical capacity is low (-10% MP). [an orb of fire]
 48916 | Zot:5    | HP: 17/252 [Orb Guardian (38)]
 48916 | Zot:5    | Mangled by an Orb Guardian

Vault maps used:
D:1:      nagdon_arrival_double_spiral, kennysheep_nondescript,
          minmay_misc_feat_iff
D:2:      uniq_natasha
D:3:      first_bread, portal_sewer_entry_d
D:4:      black_bear_nest_2, cheibriados_altar_1, minitemple
D:5:      bloody_trog, minmay_temple_entry_statues_pillars, uniq_edmund,
          uniq_grinder
D:6:      kennysheep_mini, moated_statue, yredelemnul_altar_generic
D:7:      overflow_temple_1_default, kennysheep_diamond, sword_in_stone,
          uniq_pikel
D:8:      kennysheep_housing_project, tso_metal_star, uniq_erica
D:9:      hangedman_tree_tricks, uniq_psyche, uniq_grum
D:10:     lair_0_dummy
D:11:     david_orc_2, serial_undead, serial_undead_f, serial_undead_c,
          serial_undead_b, serial_undead_c, serial_undead_d,
          grunt_dithmenos_smoke
D:14:     grunt_vaults_entry_fortified, glass_columns_a,
          minmay_misc_feat_ornament, uniq_roxanne
D:15:     grunt_enter_depths_snipers, lab_entry_generic, lemuel_blue_sif_altar,
          serial_shops, shop, serial_column_ruins, column_ruins_open_small,
          column_ruins_grid_1, column_ruins_grid_3
Temple:   oiseaux_autumnal_temple_12
Lair:1:   beast_lair_carwin_11, lemuel_fruit_tree, grunt_megastairs_5
Lair:2:   infiniplex_staircase_pool
Lair:3:   uniq_maud
Lair:4:   columned_hall_lemuel
Lair:5:   basic_altar, nicolae_lair_grove_arrangements
Lair:6:   minmay_swamp_entry_swarm, guppyfry_snake_entry_garden, slime_dummy,
          roderic_lost_polar_bear, uniq_nessos
Lair:8:   hangedman_lair_tendril_chambers, wormcave, serial_bayou_lagoon_a,
          kennysheep_basilisk_garden
Swamp:1:  hangedman_swamp_diagram
Swamp:2:  evilmike_swamp_ruin_house_1, uniq_louise
Swamp:3:  hangedman_swamp_pad, infiniplex_staircase_pool_2
Swamp:4:  swamp_alternative
Snake:2:  serial_bayou_lake_a, uniq_asterion
Snake:3:  uniq_nikola
Snake:4:  snake_pit, st_stairs_14, grunt_ministairs_14, uniq_vashnia, uniq_aizul
Orc:1:    special_room
Orc:2:    portal_ice_cave_entry_animals_and_master, serial_shops,
          nicolae_shop_temple_entry_statues_fountains, minmay_orc_temple_b
Orc:3:    nicolae_orc_pool_cavern, rock_pile, uniq_nergalle, uniq_sonja
Orc:4:    grunt_orc_gardens, grunt_orc_garden, grunt_orc_garden,
          grunt_orc_garden, grunt_orc_garden, serial_shops,
          nicolae_shop_statue_plus, mines2_lemuel
Elf:1:    serial_shops, shop, hangedman_elf_disciples
Elf:2:    basic_altar, uniq_jorgrun, uniq_agnes
Elf:3:    minmay_elf_hall, serial_shops, shop, minivault_25, nicolae_rare_books
Vaults:1: ontoclasm_vaults_spin, vaults_room_pool, ontoclasm_vaults_chip,
          nicolae_vaults_asterisk, vaults_mumra_hexcomb,
          vaults_dpeg_encased_lava, vaults_room_hangedman_quadrants,
          serial_shops, shop_coins
Vaults:2: vaults_dpeg_cross, minmay_crypt_entry_simple_box, v_misc_17,
          nicolae_vaults_windows_and_doors_thing, nicolae_vaults_angled_halls,
          hangedman_vaults_slice, v_misc_16, nicolae_vaults_what_the_h,
          vaults_dpeg_hooks, nicolae_vaults_angled_halls,
          hangedman_vaults_nails, hangedman_vaults_restitches,
          ontoclasm_vaults_gateway, nicolae_vaults_alarming,
          vaults_room_stairs_pillars, uniq_boris
Vaults:3: hangedman_vaults_nails, st_diamondy, v_misc_3,
          nicolae_vaults_circle_grid_b, v_misc_24, grunt_vaults_hallway_short,
          ontoclasm_vaults_claustrophobia, v_misc_9, hangedman_vaults_corner,
          vaults_room_grunt_arrival_checkpoint, uniq_mara
Vaults:4: ontoclasm_vaults_chip, nicolae_vaults_puzzle_piece,
          hangedman_vaults_hard_town_square, nicolae_vaults_yaktaur_gun_rack,
          vaults_room_fours, vaults_standard_mumra_lines,
          nicolae_vaults_diagonal_hallway_6, nicolae_vaults_asterisk, v_misc_30,
          ontoclasm_vaults_decontamination, ontoclasm_vaults_pinch
Depths:1: wad_floor_pattern_1, grunt_metal_band, minivault_12
Depths:2: minmay_quantized_circle, pf_hell_entry_great_geh,
          minmay_misc_feat_enclosed, serial_shops, shop, minmay_acid_items,
          serial_bayou_shore_b, uniq_sojobo
Depths:3: evilmike_marble_ring, hell_entry, pan_entry, hangedman_decor_growths,
          mikee_hates_you
Depths:4: pf_snail_temple, hangedman_abyss_entry_splay, rand_demon_pan_entry_9,
          minmay_fountain_box, pf_hell_entry_tar_river, minmay_misc_feat_tower,
          st_stairs_12
Depths:5: evilmike_zot_entry_gauntlet, enter_ziggurat_d,
          nicolae_trove_entry_diagonal, hell_entry, minivault_11,
          serial_bayou_shore_a
Zot:3:    minmay_elemental_castle
Zot:4:    grunt_zot_stairs_overgrown, lemuel_elevator
Zig:8:    ziggurat_pillar_centre_dead_trees
Lab:      labyrinth_mini_lab, nicolae_lab_arrow, nicolae_lab_checkerboard,
          lab_fountain, lab_statue, labyrinth_lava_lair, nicolae_lab_t_cross,
          labyrinth_glass_1, labyrinth_skeletal_remains, nicolae_lab_diamond,
          nicolae_lab_starburst, nicolae_lab_do_over
Trove:    trove_jewellery_lava
Sewer:    sewer_frog_island_02
IceCv:    ice_cave_caverns_01

Action                   |  1- 3 |  4- 6 |  7- 9 | 10-12 | 13-15 | 16-18 | 19-21 | 22-24 | 25-27 || total
-------------------------+-------+-------+-------+-------+-------+-------+-------+-------+-------++-------
Melee: Unarmed           |    53 |       |       |       |       |       |       |       |       ||    53
       Hand axe          |    12 |   315 |    78 |    91 |    45 |       |       |       |       ||   541
       War axe           |       |       |   387 |   863 |   230 |       |       |       |       ||  1480
       Glaive            |       |       |    27 |       |       |       |       |       |       ||    27
       Halberd           |       |       |    38 |    45 |       |       |       |       |       ||    83
       Spear             |       |       |       |   357 |       |       |       |       |       ||   357
       Flail             |       |       |       |    12 |       |       |       |       |       ||    12
       Battleaxe         |       |       |       |    43 |  1407 |  1409 |  1813 |  1117 |   559 ||  6348
       Rapier            |       |       |       |       |       |       |     4 |    14 |    48 ||    66
       Executioner's axe |       |       |       |       |       |       |       |    39 |       ||    39
 Fire: Blowgun           |       |       |       |    58 |     2 |       |       |       |       ||    60
       Longbow           |       |       |       |    65 |     2 |       |       |       |       ||    67
Throw: Stone             |    54 |   146 |     9 |     1 |       |       |       |       |       ||   210
       Javelin           |    14 |    18 |    26 |     2 |       |       |       |       |       ||    60
       Tomahawk          |       |       |    41 |     8 |       |       |       |       |       ||    49
       Throwing net      |       |       |       |     2 |     2 |       |       |       |       ||     4
 Cast: Vampiric Draining |       |       |       |     5 |    65 |    41 |    13 |     5 |    12 ||   141
       Blink             |       |       |       |       |     9 |       |       |       |     8 ||    17
       Repel Missiles    |       |       |       |       |     3 |    13 |    20 |     7 |       ||    43
       Excruciating Woun |       |       |       |       |    27 |    50 |     6 |     2 |       ||    85
       Apportation       |       |       |       |       |    19 |    38 |   122 |    30 |    15 ||   224
       Phase Shift       |       |       |       |       |       |    80 |    45 |    84 |    42 ||   251
       Shroud of Golubri |       |       |       |       |       |    29 |    82 |    22 |       ||   133
       Aura of Abjuratio |       |       |       |       |       |       |     4 |     6 |     4 ||    14
       Passage of Golubr |       |       |       |       |       |       |     4 |       |     7 ||    11
       Haste             |       |       |       |       |       |       |     1 |     2 |     3 ||     6
       Deflect Missiles  |       |       |       |       |       |       |       |     1 |    10 ||    11
       Dispel Undead     |       |       |       |       |       |       |       |       |     3 ||     3
       Shadow Creatures  |       |       |       |       |       |       |       |       |     1 ||     1
Invok: Lesser Servant of |       |       |       |     1 |       |       |       |       |       ||     1
 Abil: Device Recharging |       |     1 |     1 |     2 |     1 |       |       |       |       ||     5
       Stop Flying       |       |       |       |       |       |       |     1 |       |       ||     1
       Evoke Flight      |       |       |       |       |       |       |     1 |       |       ||     1
       Evoke Invisibilit |       |       |       |       |       |       |     1 |     1 |     3 ||     5
       Turn Visible      |       |       |       |       |       |       |     1 |     1 |     1 ||     3
Evoke: Wand              |       |     4 |     8 |    25 |    31 |    13 |     3 |     1 |    19 ||   104
       Stone of tremors  |       |       |       |     1 |     1 |       |       |       |       ||     2
       Rod               |       |       |       |       |     2 |       |       |       |       ||     2
       Sack of spiders   |       |       |       |       |     2 |       |       |       |       ||     2
       Fan of gales      |       |       |       |       |       |       |       |     1 |       ||     1
  Use: Potion            |       |     3 |     2 |     9 |     4 |     9 |     3 |     2 |    14 ||    46
       Scroll            |       |     1 |    12 |    12 |    23 |    13 |    18 |    23 |    14 ||   116
 Stab: Sleeping          |     2 |       |       |     1 |     3 |     2 |    12 |    13 |     7 ||    40
       Held in net/web   |       |       |       |     3 |     4 |       |       |       |       ||     7
       Distracted        |       |       |       |     1 |     2 |     1 |     1 |     3 |     1 ||     9
       Paralysed         |       |       |       |    14 |       |       |       |       |       ||    14
       Betrayed ally     |       |       |       |       |     2 |       |       |       |       ||     2
       Invisible         |       |       |       |       |       |       |    13 |     1 |    37 ||    51
  Eat: Chunk             |       |     5 |    10 |    21 |    30 |    47 |    22 |    16 |     1 ||   152
       Beef jerky        |       |       |     1 |     1 |     1 |       |     3 |       |       ||     6
       Fruit             |       |       |       |     4 |       |    18 |     2 |     2 |       ||    26
       Pizza             |       |       |       |       |     5 |     1 |     2 |     1 |       ||     9
       Royal jelly       |       |       |       |       |     1 |       |     4 |     2 |       ||     7
       Bread ration      |       |       |       |       |     3 |     1 |       |     1 |     6 ||    11
       Meat ration       |       |       |       |       |     1 |     1 |     1 |     3 |     1 ||     7

Table legend:
 A = Turns spent in this place as a percentage of turns spent in the entire game.
 B = Non-inter-level travel turns spent in this place as a percentage of non-inter-level travel turns spent in the entire game.
 C = Inter-level travel turns spent in this place as a percentage of turns spent in this place.
 D = Turns resting spent in this place as a percentage of non-inter-level travel turns spent in this place.
 E = Turns spent auto-exploring this place as a percentage of non-inter-level travel turns spent in this place.
 F = Non-inter-level travel turns spent in this place divided by the number of levels of this place that you've seen.
                   A       B       C       D       E      F
               +-------+-------+-------+-------+-------+----------------------
         Total | 100.0 | 100.0 |   0.5 |   0.4 |   0.0 | 574.5
       Dungeon |  27.5 |  27.4 |   0.8 |   0.3 |   0.0 | 725.1
        Temple |   0.2 |   0.2 |   1.1 |   0.0 |   0.0 |  89.0
          Lair |  13.8 |  13.8 |   0.3 |   0.1 |   0.0 | 684.4
         Swamp |   5.2 |   5.2 |   0.2 |   0.0 |   0.0 | 518.8
     Snake Pit |   7.8 |   7.8 |   0.3 |   1.2 |   0.0 | 772.8
  Orcish Mines |   6.4 |   6.4 |   0.7 |   0.1 |   0.0 | 634.0
   Elven Halls |   7.8 |   7.8 |   0.7 |   1.0 |   0.0 | 1026.3
        Vaults |  12.7 |  12.8 |   0.4 |   0.1 |   0.0 | 1011.6
        Depths |   8.7 |   8.7 |   0.6 |   0.4 |   0.0 | 689.2
           Zot |   2.2 |   2.2 |   0.0 |   0.2 |   0.0 | 175.4
         Abyss |   1.0 |   1.0 |   0.0 |   0.5 |   0.0 | 404.0
      Ziggurat |   1.6 |   1.6 |   0.0 |   1.8 |   0.0 |  62.8
     Labyrinth |   0.6 |   0.6 |   0.0 |   0.0 |   0.0 | 253.0
         Trove |   0.1 |   0.1 |   0.0 |   0.0 |   0.0 |  57.0
         Sewer |   1.5 |   1.5 |   0.0 |   0.0 |   0.0 | 600.0
      Ice Cave |   2.8 |   2.8 |   0.0 |   1.7 |   0.0 | 1096.0
               +-------+-------+-------+-------+-------+----------------------

Table legend:
 A = Kills in this place as a percentage of kills in entire the game.
 B = Kills by you in this place as a percentage of kills by you in the entire game.
 C = Kills by friends in this place as a percentage of kills by friends in the entire game.
 D = Other kills in this place as a percentage of other kills in the entire game.
 E = Experience gained in this place as a percentage of experience gained in the entire game.
 F = Experience gained in this place divided by the number of levels of this place that you have seen.
                   A       B       C       D       E      F
               +-------+-------+-------+-------+-------+----------------------
         Total | 100.0 | 100.0 | 100.0 | 100.0 | 100.0 | 18605.3
       Dungeon |  16.2 |  16.3 |  20.0 |   0.0 |   4.3 | 3701.1
          Lair |  12.4 |  12.4 |  30.0 |   4.3 |   5.6 | 8916.4
         Swamp |   5.4 |   5.5 |   0.0 |   0.0 |   5.4 | 17218.0
     Snake Pit |   7.3 |   7.4 |   0.0 |   4.3 |   8.6 | 27704.2
  Orcish Mines |  12.6 |  12.6 |  40.0 |   0.0 |   2.1 | 6782.0
   Elven Halls |   5.6 |   5.6 |   0.0 |  13.0 |   8.0 | 34355.7
        Vaults |  18.8 |  18.9 |   0.0 |  26.1 |  29.1 | 74690.2
        Depths |  10.2 |  10.2 |   0.0 |   8.7 |  17.4 | 44779.4
           Zot |   2.4 |   2.4 |   0.0 |   4.3 |  11.4 | 29391.8
         Abyss |   1.3 |   1.2 |   0.0 |  21.7 |   1.2 | 14926.0
      Ziggurat |   3.2 |   3.2 |   0.0 |   4.3 |   5.5 | 7097.6
     Labyrinth |   0.3 |   0.3 |   0.0 |   0.0 |   0.2 | 2312.0
         Sewer |   2.0 |   2.0 |   0.0 |   0.0 |   0.0 | 266.0
      Ice Cave |   2.2 |   2.0 |  10.0 |  13.0 |   1.1 | 14248.0
               +-------+-------+-------+-------+-------+----------------------

Vault maps used:
D:1:      nagdon_arrival_double_spiral, kennysheep_nondescript,
          minmay_misc_feat_iff
D:2:      uniq_natasha
D:3:      first_bread, portal_sewer_entry_d
D:4:      black_bear_nest_2, cheibriados_altar_1, minitemple
D:5:      bloody_trog, minmay_temple_entry_statues_pillars, uniq_edmund,
          uniq_grinder
D:6:      kennysheep_mini, moated_statue, yredelemnul_altar_generic
D:7:      overflow_temple_1_default, kennysheep_diamond, sword_in_stone,
          uniq_pikel
D:8:      kennysheep_housing_project, tso_metal_star, uniq_erica
D:9:      hangedman_tree_tricks, uniq_psyche, uniq_grum
D:10:     lair_0_dummy
D:11:     david_orc_2, serial_undead, serial_undead_f, serial_undead_c,
          serial_undead_b, serial_undead_c, serial_undead_d,
          grunt_dithmenos_smoke
D:14:     grunt_vaults_entry_fortified, glass_columns_a,
          minmay_misc_feat_ornament, uniq_roxanne
D:15:     grunt_enter_depths_snipers, lab_entry_generic, lemuel_blue_sif_altar,
          serial_shops, shop, serial_column_ruins, column_ruins_open_small,
          column_ruins_grid_1, column_ruins_grid_3
Temple:   oiseaux_autumnal_temple_12
Lair:1:   beast_lair_carwin_11, lemuel_fruit_tree, grunt_megastairs_5
Lair:2:   infiniplex_staircase_pool
Lair:3:   uniq_maud
Lair:4:   columned_hall_lemuel
Lair:5:   basic_altar, nicolae_lair_grove_arrangements
Lair:6:   minmay_swamp_entry_swarm, guppyfry_snake_entry_garden, slime_dummy,
          roderic_lost_polar_bear, uniq_nessos
Lair:8:   hangedman_lair_tendril_chambers, wormcave, serial_bayou_lagoon_a,
          kennysheep_basilisk_garden
Swamp:1:  hangedman_swamp_diagram
Swamp:2:  evilmike_swamp_ruin_house_1, uniq_louise
Swamp:3:  hangedman_swamp_pad, infiniplex_staircase_pool_2
Swamp:4:  swamp_alternative
Snake:2:  serial_bayou_lake_a, uniq_asterion
Snake:3:  uniq_nikola
Snake:4:  snake_pit, st_stairs_14, grunt_ministairs_14, uniq_vashnia, uniq_aizul
Orc:1:    special_room
Orc:2:    portal_ice_cave_entry_animals_and_master, serial_shops,
          nicolae_shop_temple_entry_statues_fountains, minmay_orc_temple_b
Orc:3:    nicolae_orc_pool_cavern, rock_pile, uniq_nergalle, uniq_sonja
Orc:4:    grunt_orc_gardens, grunt_orc_garden, grunt_orc_garden,
          grunt_orc_garden, grunt_orc_garden, serial_shops,
          nicolae_shop_statue_plus, mines2_lemuel
Elf:1:    serial_shops, shop, hangedman_elf_disciples
Elf:2:    basic_altar, uniq_jorgrun, uniq_agnes
Elf:3:    minmay_elf_hall, serial_shops, shop, minivault_25, nicolae_rare_books
Vaults:1: ontoclasm_vaults_spin, vaults_room_pool, ontoclasm_vaults_chip,
          nicolae_vaults_asterisk, vaults_mumra_hexcomb,
          vaults_dpeg_encased_lava, vaults_room_hangedman_quadrants,
          serial_shops, shop_coins
Vaults:2: vaults_dpeg_cross, minmay_crypt_entry_simple_box, v_misc_17,
          nicolae_vaults_windows_and_doors_thing, nicolae_vaults_angled_halls,
          hangedman_vaults_slice, v_misc_16, nicolae_vaults_what_the_h,
          vaults_dpeg_hooks, nicolae_vaults_angled_halls,
          hangedman_vaults_nails, hangedman_vaults_restitches,
          ontoclasm_vaults_gateway, nicolae_vaults_alarming,
          vaults_room_stairs_pillars, uniq_boris
Vaults:3: hangedman_vaults_nails, st_diamondy, v_misc_3,
          nicolae_vaults_circle_grid_b, v_misc_24, grunt_vaults_hallway_short,
          ontoclasm_vaults_claustrophobia, v_misc_9, hangedman_vaults_corner,
          vaults_room_grunt_arrival_checkpoint, uniq_mara
Vaults:4: ontoclasm_vaults_chip, nicolae_vaults_puzzle_piece,
          hangedman_vaults_hard_town_square, nicolae_vaults_yaktaur_gun_rack,
          vaults_room_fours, vaults_standard_mumra_lines,
          nicolae_vaults_diagonal_hallway_6, nicolae_vaults_asterisk, v_misc_30,
          ontoclasm_vaults_decontamination, ontoclasm_vaults_pinch
Depths:1: wad_floor_pattern_1, grunt_metal_band, minivault_12
Depths:2: minmay_quantized_circle, pf_hell_entry_great_geh,
          minmay_misc_feat_enclosed, serial_shops, shop, minmay_acid_items,
          serial_bayou_shore_b, uniq_sojobo
Depths:3: evilmike_marble_ring, hell_entry, pan_entry, hangedman_decor_growths,
          mikee_hates_you
Depths:4: pf_snail_temple, hangedman_abyss_entry_splay, rand_demon_pan_entry_9,
          minmay_fountain_box, pf_hell_entry_tar_river, minmay_misc_feat_tower,
          st_stairs_12
Depths:5: evilmike_zot_entry_gauntlet, enter_ziggurat_d,
          nicolae_trove_entry_diagonal, hell_entry, minivault_11,
          serial_bayou_shore_a
Zot:3:    minmay_elemental_castle
Zot:4:    grunt_zot_stairs_overgrown, lemuel_elevator
Zig:8:    ziggurat_pillar_centre_dead_trees
Lab:      labyrinth_mini_lab, nicolae_lab_arrow, nicolae_lab_checkerboard,
          lab_fountain, lab_statue, labyrinth_lava_lair, nicolae_lab_t_cross,
          labyrinth_glass_1, labyrinth_skeletal_remains, nicolae_lab_diamond,
          nicolae_lab_starburst, nicolae_lab_do_over
Trove:    trove_jewellery_lava
Sewer:    sewer_frog_island_02
IceCv:    ice_cave_caverns_01
